 Dungeon Crawl Stone Soup version 0.30-a0-867-g305f33218d (webtiles) character file.

Game seed: 4080396699224090983

9054 Pimp the Transmogrifier (level 11, -10/76 HPs)
             Began as an Octopode Transmuter on Mar 10, 2023.
             Was an Initiate of Gozag.
             Killed from afar by an acid dragon (12 damage)
             ... with a splash of acid
             ... on level 10 of the Dungeon.
             The game lasted 00:49:04 (13909 turns).

Pimp the Transmogrifier (Octopode Transmuter)      Turns: 13909, Time: 00:49:07

Health: -10/76     AC:  8    Str: 11    XL:     11   Next: 40%
Magic:  18/25      EV: 11    Int: 22    God:    Gozag
Gold:   403        SH:  0    Dex: 11    Spells: 1/26 levels left

rFire   . . .      SeeInvis .      - Unarmed
rCold   + + +      Faith    .    (shield currently unavailable)
rNeg    . . .      Spirit   .    n - melded +2 hat
rPois   +          Reflect  .    g - amulet of the acrobat
rElec   +          Rampage  .    d - ring of willpower
rCorr   +                        f - ring of poison resistance
Will    +....                    (no ring)
Stlth   ++                       (no ring)
HPRegen 0.32/turn                (no ring)
MPRegen 0.19/turn                (no ring)
                                 (no ring)
                                 (no ring)

@: ice-form, resistant, on blink cooldown
A: freezing attack, boosted hp, almost no armour, amphibious, 8 rings, large,
(camouflage 1), (gelatinous body 1), (nimble swimmer 1), (tentacles), clever 1,
(cold resistance 1), frail 1, high MP 1
a: End Transformation, Renounce Religion, Potion Petition, Call Merchant, Bribe
Branch


You were on level 10 of the Dungeon.
You worshipped Gozag.
Gozag was aware of your devotion.
You were a creature of crystalline ice.
You visited 2 branches of the dungeon, and saw 11 of its levels.

You collected 555 gold pieces.
You paid 152 gold pieces to Gozag.

Inventory:

Missiles
 c - 12 javelins
 h - 3 throwing nets
 o - 4 atropa-tipped darts
 q - 19 poisoned darts
Armour
 n - a +2 hat (melded)
Jewellery
 d - a ring of willpower (left front paw)
 f - a ring of poison resistance (right front paw)
 g - an amulet of the acrobat (around neck)
 r - an amulet of magic regeneration
Wands
 e - a wand of iceblast (11) (quivered)
 k - a wand of flame (28)
 p - a wand of polymorph (4)
Potions
 b - a potion of resistance
 i - 2 potions of attraction
 l - 5 potions of mutation
 t - 2 potions of magic
 u - 2 potions of degeneration {unknown}


   Skills:
 + Level 6.0 Fighting
 + Level 6.2 Dodging
 - Level 2.1 Stealth
 + Level 6.9 Unarmed Combat
 * Level 8.1 Spellcasting
 * Level 8.8 Transmutations
 - Level 2.0 Ice Magic
 * Level 3.4 Air Magic
 + Level 5.7 Evocations


You had one spell level left.
You knew the following spells:

 Your Spells              Type           Power      Damage    Failure   Level
a - Beastly Appendage     Tmut           94%        N/A       1%          1
b - Spider Form           Tmut/Pois      28%        N/A       3%          3
c - Ice Form              Ice/Tmut       33%        N/A       8%          4
d - Blink                 Tloc           16%        N/A       11%         2
e - Blade Hands           Tmut           23%        N/A       5%          5
f - Storm Form            Tmut/Air       18%        N/A       99%         7
g - Frozen Ramparts       Ice            36%        1d6       10%         3

Your spell library contained the following spells:

 Spells                   Type           Power      Damage    Failure   Level
 Freeze                   Ice            72%        1d8       3%          1
 Magic Dart               Conj           32%        1d4       8%          1
 Passwall                 Tmut/Erth      23%        N/A       1%          2
 Wereblood                Tmut           47%        N/A       1%          2
 Swiftness                Air            24%        N/A       5%          3
 Ensorcelled Hibernation  Hex/Ice        26%        N/A       8%          2
 Searing Ray              Conj           16%        2d5       11%         2
 Hailstorm                Conj/Ice       13%        3d5       14%         3
 Call Canine Familiar     Summ           8%         N/A       22%         3
 Portal Projectile        Hex/Tloc       16%        N/A       22%         3
 Fulminant Prism          Conj/Hex       4%         3d5       58%         4
 Leda's Liquefaction      Hex/Erth       4%         N/A       58%         4
 Manifold Assault         Tloc           8%         N/A       58%         4
 Iron Shot                Conj/Erth      4%         9d2       100%        6
 Animate Armour           Summ/Erth      Unusable   N/A       N/A         4

Dungeon Overview and Level Annotations

Branches:
Dungeon (10/15)            Temple (1/1) D:5            Lair (0/5) D:10
    Orc: D:9-12

Altars:
Ashenzari
Cheibriados
Dithmenos
Elyvilon
Fedhas
Gozag
Hepliaklqana
Kikubaaqudgha
Makhleb
Nemelex Xobeh
Okawaru
Qazlal
Ru
Sif Muna
Trog
Uskayaw
Vehumet
Wu Jian
Xom
Yredelemnul
Zin
The Shining One

Shops:
D:4 :

Annotations:
D:5 2 transporters, Ghostmaker01's ghost, novice DsTm


Innate Abilities, Weirdness & Mutations

You are a creature of crystalline ice.
You have a powerful freezing melee attack.
Your maximum health is increased.
Your armour is entirely melded.
You are incapable of wielding weapons or throwing items.
You cannot wear most types of armour.
You are amphibious.
You can wear up to eight rings at the same time.
((Your skin changes colour to match your surroundings (Stealth+).))
((Your rubbery body absorbs attacks. (AC +1, EV +1)))
((You are camouflaged when in or above water. (Stealth+)))
((You have tentacles for arms and can constrict up to eight enemies at once.))
Your mind is acute. (Int +4, Str/Dex -1)
((Your flesh is cold resistant. (rC+)))
You are frail. (-10% HP)
You have an increased reservoir of magic. (+10% MP)


Message History

The splash of acid hits you!
* * * LOW HITPOINT WARNING * * *
The acid dragon misses you.
The acid dragon claws you but does no damage.
You hit the acid dragon. You freeze the acid dragon.
The acid dragon is lightly wounded.
The acid dragon bites you but does no damage.
The acid dragon closely misses you.
You hit the acid dragon but do no damage.
The acid dragon is lightly wounded.
The polar bear bites you but does no damage.
The polar bear barely misses you.
The polar bear claws you but does no damage.
The acid dragon bites you.
* * * LOW HITPOINT WARNING * * *
The acid dragon claws you but does no damage.
You feel better.
The polar bear bites you but does no damage.
The polar bear claws you but does no damage. x2
The acid dragon bites you!
* * * LOW HITPOINT WARNING * * *
The acid dragon claws you.
* * * LOW HITPOINT WARNING * * *
You feel protected.
You feel stable enough to blink again. The polar bear bites you!
* * * LOW HITPOINT WARNING * * *
The polar bear claws you.
* * * LOW HITPOINT WARNING * * *
The polar bear claws you but does no damage.
The acid dragon barely misses you.
The acid dragon claws you but does no damage.
Okay, then.
You aren't carrying any scrolls.
Casting: Ice Form (dangerous; 8% risk of failure)
Confirm with . or Enter, or press ? or * to list all spells.
You blink.
The acid dragon spits acid at you. The splash of acid hits you! You resist.
You die...
Your body crumbles into a pile of gold.

......#......#'#.......
..##.§§§#.....#..........
.....§§§#..... ..........
# #§#...###..........
#.#§#................
#§§§#...##~.##.......
##§§§.##.......#...##
...#.§##D...........#.#
...'.§.Yh§..##..#....~##
...#.#~§...............#
#.....#....#.#...........
$
............##...#.......
...........$##...#§#.....
....:.(..#....$#..#...
>.#...#.....>.....#...
#.........#.....#..#...
.....#.##....###.#...


You could see a polar bear and an acid dragon (catching breath).

Vanquished Creatures
  A two-headed ogre (D:10)
  Maurice (D:8)
  A rime drake (D:10)
  A komodo dragon (D:9)
  A troll (D:9)
  Grinder (D:6)
  Sigmund (D:5)
  2 wyverns (D:9)
  18 yaks
  Eustachio (D:6)
  2 orc warriors
  A sky beast (D:8)
  2 ice beasts
  4 black bears
  4 wolves (D:10)
  2 centaurs
  2 scorpions (D:7)
  2 bullfrogs (D:8)
  2 kobold brigands
  13 wights (D:7)
  8 killer bees
  8 howler monkeys
  3 jellies
  2 hounds (D:6)
  4 orc priests
  2 sleepcaps
  Crazy Yiuf (D:2)
  11 iguanas
  5 orc wizards
  6 gnolls
  8 adders
  A shadow imp (D:6)
  An ufetubus (D:5)
  4 dart slugs
  17 orcs
  7 ball pythons
  7 endoplasms
  4 giant cockroaches
  3 goblins
  7 hobgoblins
  8 jackals
  8 kobolds
  7 quokkas
  6 bats
  9 frilled lizards
  9 rats
218 creatures vanquished.

Vanquished Creatures (others)
  6 plants (D:9)
6 creatures vanquished.

Grand Total: 224 creatures vanquished

Notes
Turn   | Place    | Note
-------+----------+-------------------------------------------
     0 | D:1      | Pimp the Octopode Transmuter began the quest for the Orb.
     0 | D:1      | Reached XP level 1. HP: 13/13 MP: 3/3
   163 | D:1      | Found a faded altar of an unknown god.
   346 | D:1      | Reached skill level 1 in Stealth
   346 | D:1      | Reached XP level 2. HP: 18/18 MP: 3/5
  1013 | D:2      | Reached XP level 3. HP: 23/23 MP: 6/6
  1017 | D:2      | Learned a level 3 spell: Spider Form
  1386 | D:2      | Reached XP level 4. HP: 25/28 MP: 7/7
  1620 | D:2      | Found a runed translucent door.
  1621 | D:2      | Noticed Crazy Yiuf
  1630 | D:2      | Killed Crazy Yiuf
  2265 | D:3      | Noticed an ice beast
  2310 | D:2      | Reached XP level 5. HP: 20/34 MP: 7/9
  2315 | D:2      | Learned a level 4 spell: Ice Form
  2705 | D:3      | Killed an ice beast
  3369 | D:4      | Reached XP level 6. HP: 34/39 MP: 7/10
  3674 | D:4      | Found Ruadotur's Book Emporium.
  3909 | D:4      | Reached skill level 1 in Ice Magic
  4159 | D:4      | Identified the +0 robe of Jonoh {Slay+2}
  4245 | D:4      | Found a sparkling altar of Nemelex Xobeh.
  4514 | D:5      | Entered Level 5 of the Dungeon
  4523 | D:5      | Found a blossoming altar of Fedhas.
  4678 | D:5      | Found a hide-covered altar of Uskayaw.
  4804 | D:5      | Noticed Ghostmaker01's ghost (novice DsTm)
  4913 | D:5      | Identified the +7 dire flail of the Stork {flame, Str+4
                  | Stlth+}
  4914 | D:5      | Found a transporter.
  4918 | D:5      | Found a transporter.
  5249 | D:5      | Reached XP level 7. HP: 45/45 MP: 6/12
  5304 | D:5      | Found a staircase to the Ecumenical Temple.
  5324 | Temple   | Entered the Ecumenical Temple
  5447 | D:5      | Found a burning altar of Makhleb.
  5451 | D:5      | Noticed Sigmund
  5462 | D:5      | Killed Sigmund
  5463 | D:5      | Reached skill level 1 in Evocations
  6044 | D:5      | Reached XP level 8. HP: 49/52 MP: 14/14
  6538 | D:6      | Found a basalt altar of Yredelemnul.
  6541 | D:6      | Found a snail-covered altar of Cheibriados.
  6545 | D:6      | Found a sacrificial altar of Ru.
  6600 | D:6      | Noticed Eustachio
  6606 | D:6      | Noticed Grinder
  6625 | D:6      | Gained mutation: You are frail. (-10% HP) [potion of
                  | mutation]
  6625 | D:6      | Gained mutation: Your mind is acute. (Int +4, Str/Dex -1)
                  | [potion of mutation]
  6625 | D:6      | Gained mutation: You have an increased reservoir of magic.
                  | (+10% MP) [potion of mutation]
  6625 | D:6      | Gained mutation: Your flesh is cold resistant. (rC+)
                  | [potion of mutation]
  6627 | D:6      | Killed Eustachio
  6628 | D:6      | Reached skill level 5 in Transmutations
  6635 | D:6      | Paralysed by Grinder for 2 turns
  6650 | D:6      | Killed Grinder
  6944 | D:6      | Reached skill level 5 in Spellcasting
  7062 | D:6      | Reached skill level 5 in Unarmed Combat
  7159 | D:6      | Reached XP level 9. HP: 46/52 MP: 14/18
  8180 | D:7      | Found a bloodstained altar of Trog.
  8360 | D:7      | Learned a level 2 spell: Blink
  8366 | D:7      | Learned a level 5 spell: Blade Hands
  8859 | D:7      | Reached skill level 5 in Dodging
  8970 | D:8      | Reached XP level 10. HP: 58/58 MP: 16/21
  9319 | D:8      | Reached skill level 5 in Fighting
  9424 | D:8      | Found a shadowy altar of Dithmenos.
 10142 | D:8      | Noticed Maurice
 10595 | D:8      | Killed Maurice
 11442 | D:8      | Reached skill level 5 in Evocations
 11728 | D:8      | Learned a level 7 spell: Storm Form
 11951 | D:9      | Reached skill level 1 in Air Magic
 12327 | D:9      | Reached XP level 11. HP: 16/64 MP: 24/24
 12704 | D:9      | Learned a level 3 spell: Frozen Ramparts
 13184 | D:9      | Found an opulent altar of Gozag.
 13200 | D:9      | Became a worshipper of Gozag Ym Sagoz the Greedy
 13269 | D:10     | Entered Level 10 of the Dungeon
 13269 | D:10     | Noticed a two-headed ogre
 13275 | D:10     | Killed a two-headed ogre
 13857 | D:10     | Found a staircase to the Lair.
 13908 | D:10     | HP: 1/76 [polar bear (3)]
 13909 | D:10     | Killed from afar by an acid dragon

Illustrated notes

Levels and vault maps discovered:
D:1:      dpeg_arrival_arbitrary_c, layout_basic,
          shapermc_ecumenical_altar_petra
D:2:      kennysheep_big_flooded_room, layout_basic, chequers_mini_garden,
          uniq_crazy_yiuf_cottage
D:3:      layout_loops_cross, hangedman_abyss_or_decor_lesser_grid
D:4:      layout_basic, mainiacjoe_overflow_alcove_4, serial_shops,
          nicolae_shop_behind_doors
D:5:      layout_loops_ring, marbit_many_paths,
          mainiacjoe_overflow_small_starburst, bloody_makhleb,
          minmay_temple_entry_glassed_door, gammafunk_ghost_smash,
          chequers_serial_rivers_large_a, st_stairs_1,
          hangedman_minor_gate_pass, uniq_sigmund
D:6:      layout_basic, grunt_temple_overflow_diamond,
          chequers_serial_rivers_micro_c, uniq_grinder, uniq_eustachio
D:7:      layout_rooms, trog_butcher_becter, serial_aquarium,
          aquarium_bridge_square [aquarium_subvault_bridge,
          aquarium_subvault_wall, aquarium_subvault_bridge,
          aquarium_subvault_window], aquarium_bridge_square
          [aquarium_subvault_balcony, aquarium_subvault_bridge,
          aquarium_subvault_wall, aquarium_subvault_window], aquarium_window_2,
          aquarium_window_corridor_1, aquarium_view_2a, aquarium_view_2b,
          aquarium_balcony_double_4, aquarium_pool_2
D:8:      layout_layer_cave, lemuel_doored_altar, uniq_maurice
D:9:      layout_basic, mainiacjoe_overflow_catwalk,
          kennysheep_decorative_pillar, minmay_lizard_king
D:10:     layout_basic, hellmonk_lair_entry_icy, serial_glass, glass_columns_a,
          glass_columns_a
Temple:   minmay_temple_bridge_abc

Skill      XL: |  1  2  3  4  5  6  7  8  9 10 11 |
---------------+----------------------------------+-----
Stealth        | 1 2 |  2.1
Fighting       | 2 3 4 5 6 |  6.0
Spellcasting   | 3 4 5 6 7 8 |  8.1
Transmutations | 3 4 5 7 8 |  8.8
Unarmed Combat | 4 5 6 |  6.9
Ice Magic      | 1 2 |  2.0
Dodging        | 3 4 5 6 |  6.2
Evocations     | 1 2 4 5 |  5.7
Air Magic      | 2 3 |  3.4

Action                     |  1- 3 |  4- 6 |  7- 9 | 10-12 || total
---------------------------+-------+-------+-------+-------++-------
  Melee: Unarmed           |    69 |   166 |   242 |   245 ||   722
         Constrict         |    19 |    20 |    15 |     8 ||    62
         Tentacles         |    15 |    22 |    18 |    15 ||    70
         Kick              |    11 |     7 |       |       ||    18
         Punch             |     1 |     3 |     3 |     3 ||    10
  Throw: Throwing net      |       |       |     1 |       ||     1
         Dart              |       |       |     4 |       ||     4
   Cast: Beastly Appendage |    10 |    11 |       |       ||    21
         Spider Form       |       |    10 |    16 |    15 ||    41
         Ice Form          |       |     1 |     7 |     4 ||    12
         Blade Hands       |       |       |     2 |     6 ||     8
         Blink             |       |       |       |     4 ||     4
         Frozen Ramparts   |       |       |       |     1 ||     1
  Evoke: Wand              |       |       |     2 |     2 ||     4
    Use: Scroll            |     7 |     8 |     2 |     6 ||    23
         Potion            |       |     3 |     4 |    13 ||    20
   Stab: Sleeping          |     8 |     5 |     3 |     3 ||    19
         Invisible         |       |       |       |     1 ||     1
 Armour: Skin              |     7 |    17 |    31 |    35 ||    90
  Dodge: Dodged            |    38 |   133 |   210 |   228 ||   609

Table legend: (Time is in decaauts)
 A = Elapsed time spent in this place.
 B = Non-inter-level travel time spent in this place.
 C = Inter-level travel time spent in this place.
 D = Time resting spent in this place.
 E = Time spent auto-exploring this place.
 F = Levels seen in this place.
 G = Mean time per level.
                   A        B        C        D        E       F      G
               +--------+--------+--------+--------+--------+-----+--------+
         Total |  13854 |  12954 |    900 |   5159 |   5154 |  11 | 1259.5 |
       Dungeon |  13738 |  12951 |    787 |   5159 |   5154 |  10 | 1373.8 |
        Temple |    115 |      2 |    113 |      0 |      0 |   1 |  115.0 |
               +--------+--------+--------+--------+--------+-----+--------+

Top non-repeatable levels by time:
     D:8: 2596 daAuts
     D:9: 1744 daAuts
     D:6: 1570 daAuts
     D:5: 1557 daAuts
     D:7: 1492 daAuts
     D:4: 1360 daAuts
     D:2: 1175 daAuts
     D:1: 1007 daAuts
     D:3: 957 daAuts
    D:10: 275 daAuts
  Temple: 115 daAuts
